 Dungeon Crawl Stone Soup version 0.31.0-9-g3a7656b989 (webtiles) character file.

Game seed: 15263640076969059497

17 qw the Shooter (level 2, 0/16 HPs)
             Began as a Deep Elf Hunter on Feb 2, 2024.
             Succumbed to their own poison gas
             ... on level 2 of the Dungeon.
             The game lasted 00:00:02 (645 turns).

qw the Shooter (Deep Elf Hunter)                     Turns: 645, Time: 00:00:02

Health: 0/16       AC:  5    Str:  8    XL:     2   Next: 44%
Magic:  4/4        EV: 10    Int: 13    God:
Gold:   67         SH:  0    Dex: 18    Spells: 1/1 levels left

rFire   . . .        a - +0 shortbow
rCold   . . .        (shield currently unavailable)
rNeg    . . .        f - +0 ring mail
rPois   .            (no helmet)
rElec   .            (no cloak)
rCorr   .            (no gloves)
SInv    .            (no boots)
Will    .....        (no amulet)
Stlth   +            (no ring)
HPRegen 0.22/turn    (no ring)
MPRegen 0.09/turn

%: no passive effects
@: lethally poisoned (0 -> -9)
A: no striking features
a: no special abilities


You were on level 2 of the Dungeon.
You visited 1 branch of the dungeon, and saw 2 of its levels.

You collected 67 gold pieces.


   Skills:
 - Level 1.5 Fighting
 + Level 6.2 Ranged Weapons
 - Level 2.4 Dodging
 - Level 1.2 Stealth


You had one spell level left.
You didn't know any spells.
Your spell library was empty.

Inventory:

Hand Weapons
 a - a +0 shortbow (weapon)
Armour
 f - a +0 ring mail (worn)

Dungeon Overview and Level Annotations

Branches:
Dungeon (2/15)

Altars:


Message History

As you read the scroll labelled FEICSO MION, it crumbles to dust.
The air around you briefly surges with heat, but it dissipates.
It was a scroll of immolation.
639 ||| READING scroll labelled KYWUADGHOH.
The air fills with toxic fumes!
As you read the scroll labelled KYWUADGHOH, it crumbles to dust.
It was a scroll of poison.
640 ||| READING scroll labelled WOLIESM QA KECRE.
As you read the scroll labelled WOLIESM QA KECRE, it crumbles to dust.
Wisps of shadow whirl around you...
It was a scroll of summoning.
641 ||| READING scroll labelled RUBEUH WUODOEGA.
As you read the scroll labelled RUBEUH WUODOEGA, it crumbles to dust.
It is a scroll of identify.
You don't currently have any unidentified items.
642 ||| DROPPING scroll of butterflies.
You drop a scroll of butterflies.
Your ribbon worm is engulfed in poison gas.
Your ribbon worm is poisoned.
Your dart slug is engulfed in poison gas.
Your dart slug is poisoned.
You kill your dart slug!
Your dart slug's corpse dissolves into shadows!
What level of the Dungeon? (default 1, ? - help) Sorry, I don't know how to get there.
You swap places.
You are engulfed in poison gas.
You are lethally poisoned!
Ouch! That really hurt!
You feel very sick.
Your ribbon worm is engulfed in poison gas.
Your ribbon worm looks even sicker.
644 ||| Stepping ~*~*~tactically~*~*~ (cloud).
You swap places.
You feel very sick.
Your ribbon worm is engulfed in poison gas.
Your ribbon worm looks even sicker.
You kill your ribbon worm!
Your ribbon worm's corpse dissolves into shadows!
Things that are here:
a scroll of butterflies; a +0 leather armour
There is a lethal amount of poison in your body!
You die...

.#
0#
¤#
¤#
##¤#
#0¤
#¤#
#J#
#@#
#¤#
0¤#
#¤##
#¤
#¤
#¤
#>


You could see a friendly endoplasm (summoned).

Vanquished Creatures
  3 endoplasms (D:1)
  3 giant cockroaches (D:1)
  3 goblins (D:1)
  A jackal (D:1)
  A ball python (D:1)
  A frilled lizard (D:1)
  A kobold (D:1)
  2 rats (D:1)
15 creatures vanquished.

Notes
Turn   | Place    | Note
-------+----------+-------------------------------------------
     0 | D:1      | qw the Deep Elf Hunter began the quest for the Orb.
     0 | D:1      | Reached XP level 1. HP: 12/12 MP: 3/3
     0 | D:1      | 0 ||| qw: Version: 0.3-a-155-g5e7d8dd
     0 | D:1      | 0 ||| qw: Game counter: 2011
     0 | D:1      | 0 ||| qw: Melee chars always use a shield: true
     0 | D:1      | 0 ||| qw: God list: Okawaru
     0 | D:1      | 0 ||| qw: Allow faded altars: false
     0 | D:1      | 0 ||| qw: Do Orc after clearing Dungeon:15 true
     0 | D:1      | 0 ||| qw: Do second Lair branch before Depths: true
     0 | D:1      | 0 ||| qw: Lair rune preference: random
     0 | D:1      | 0 ||| qw: Goals: Normal
     0 | D:1      | 0 ||| PLANNING D:1-11
   125 | D:1      | Reached skill level 6 in Ranged Weapons
   125 | D:1      | Reached XP level 2. HP: 16/16 MP: 4/4
   625 | D:1      | You fall into a shaft and drop 1 floor!
   626 | D:2      | 626 ||| UPGRADING to +0 ring mail.
   636 | D:2      | 636 ||| DROPPING +0 leather armour.
   637 | D:2      | 637 ||| READING scroll labelled FILIMOMYESS.
   638 | D:2      | 638 ||| READING scroll labelled FEICSO MION.
   639 | D:2      | 639 ||| READING scroll labelled KYWUADGHOH.
   640 | D:2      | 640 ||| READING scroll labelled WOLIESM QA KECRE.
   641 | D:2      | 641 ||| READING scroll labelled RUBEUH WUODOEGA.
   642 | D:2      | 642 ||| DROPPING scroll of butterflies.
   644 | D:2      | 644 ||| Stepping ~*~*~tactically~*~*~ (cloud).
   644 | D:2      | HP: 2/16 [poisoned by you (poison gas)]
   645 | D:2      | Succumbed to their own poison gas

Levels and vault maps discovered:
D:1:      lightli_arrival_statuegarden, layout_basic, st_stairs_9,
          minmay_misc_feat_room
D:2:      layout_rooms, basic_altar

Skill      XL: |  1 |
---------------+----+-----
Ranged Weapons | 6 |  6.2
Fighting       | |  1.5
Dodging        | |  2.4
Stealth        | |  1.2

Action                     || total
---------------------------++-------
   Fire: Shortbow          ||    40
    Use: Scroll            ||     5
 Armour: Leather armour    ||     6
  Dodge: Dodged            ||     8

Table legend:
 A = Non-vault XP
 B = Vault XP
 C = Vault XP percentage of total XP
 D = Non-vault monster count
 E = Vault monster count
 F = Vault count percentage of total count
                 A         B        C        D         E       F
            +---------+---------+-------+---------+---------+-------
      Total |      17 |       8 |  32.0 |      11 |       4 |  26.7
            +---------+---------+-------+---------+---------+-------
        D:1 |      17 |       8 |  32.0 |      11 |       4 |  26.7
            +---------+---------+-------+---------+---------+-------
